 Dungeon Crawl Stone Soup version 0.30-a0-1035-g38d5fb2972 (webtiles) character file.

Game seed: 7878697612047121591

4 rinse the Conjurer (level 1, -1/14 (16) HPs)
             Began as a Demonspawn Reaver on Apr 8, 2023.
             Slain by a kobold
             ... wielding a +0 whip
              (5 damage)
             ... on level 1 of the Dungeon.
             The game lasted 00:01:39 (104 turns).

rinse the Conjurer (Demonspawn Reaver)               Turns: 104, Time: 00:01:40

HP:   -1/14 (16)    AC:  3    Str: 12    XL:     1   Next: 50%
MP:   3/3           EV: 11    Int: 14    God:
Gold: 29            SH:  0    Dex: 11    Spells: 3/4 levels left

rFire   . . .      SeeInvis .    a - +0 hand axe
rCold   . . .      Faith    .    (no shield)
rNeg    . . .      Spirit   .    b - +0 leather armour
rPois   .          Reflect  .    (no helmet)
rElec   .          Rampage  .    (no cloak)
rCorr   .                        (no gloves)
Will    .....                    (no boots)
Stlth   +                        (no amulet)
HPRegen 0.22/turn                (no ring)
MPRegen 0.08/turn                (no ring)

@: heavily drained
A: no striking features
a: no special abilities


You were on level 1 of the Dungeon.
You visited 1 branch of the dungeon, and saw 1 of its levels.

You collected 29 gold pieces.

Inventory:

Hand Weapons
 a - a +0 hand axe (weapon)
Armour
 b - a +0 leather armour (worn)
Potions
 c - a potion of resistance {unknown}


   Skills:
 + Level 2.0 Fighting
 + Level 2.7 Axes
 + Level 1.8 Dodging
 - Level 2.0 Spellcasting
 + Level 3.1 Conjurations


You had 3 spell levels left.
You knew the following spells:

 Your Spells              Type           Power      Damage    Failure   Level
a - Kiss of Death         Conj/Necr      20%        2d7       16%         1

Your spell library contained the following spells:

 Spells                   Type           Power      Damage    Failure   Level
 Momentum Strike          Conj/Tloc      10%        3d8       24%         2
 Hailstorm                Conj/Ice       5%         3d4       43%         3


Dungeon Overview and Level Annotations

Branches:
Dungeon (1/15)

Altars:


Message History

The kobold hits you with a +0 short sword.
You hit the kobold.
You kill the kobold!
A giant cockroach comes into view.
You hit the giant cockroach.
The giant cockroach is heavily wounded.
The giant cockroach closely misses you.
You hit the giant cockroach but do no damage.
The giant cockroach is heavily wounded.
The giant cockroach bites you. The giant cockroach barely misses you.
You closely miss the giant cockroach.
The giant cockroach is moderately wounded.
The giant cockroach bites you but does no damage.
You hit the giant cockroach.
The giant cockroach is severely wounded.
The giant cockroach closely misses you.
You hit the giant cockroach.
You kill the giant cockroach!
You see here a giant cockroach corpse.
Okay, then.
A kobold comes into view. It is wielding a +0 whip.
A bat comes into view.
The kobold misses you.
You miss the kobold. The kobold barely misses you. The bat hits you.
The kobold hits you with a +0 whip.
You barely miss the kobold. You hit the bat. The bat barely misses you.
The kobold hits you with a +0 whip.
You are too injured to fight recklessly!
You are too injured to fight recklessly!
You are too injured to fight recklessly!
You are too injured to fight recklessly!
You hit the kobold but do no damage. You miss the bat.
The bat closely misses you. The kobold hits you with a +0 whip.
The bat closely misses you.
You hit the kobold.
The kobold is moderately wounded.
You miss the bat. The bat hits you.
* * * LOW HITPOINT WARNING * * *
The kobold hits you with a +0 whip.
You die...

####......#
#.........# ..#.#
#.........# ..... .
#.........# #.#.##.
#.........## #.#...
#..........
#.#.#### #.....K..#
######......# #.@.#
#........##.# ##.b#
#.#..†..)##.# #...#
#.####.#.##.#
###.###......#.....
#.......#########.
#............# #.
...........####.#
#. ####.##....# #.
... .#.#.# #.


You could see a bat and a kobold.

Vanquished Creatures
  A giant cockroach (D:1)
  A kobold (D:1)
  2 rats (D:1)
4 creatures vanquished.

Notes
Turn   | Place    | Note
-------+----------+-------------------------------------------
     0 | D:1      | rinse the Demonspawn Reaver began the quest for the Orb.
     0 | D:1      | Reached XP level 1. HP: 16/16 MP: 3/3
   104 | D:1      | Slain by a kobold

Illustrated notes

Levels and vault maps discovered:
D:1:      eino_arrival_druids_welcome, layout_basic

Action                     || total
---------------------------++-------
  Melee: Hand axe          ||    15
   Cast: Kiss of Death     ||     1
 Armour: Leather armour    ||     2
  Dodge: Dodged            ||    11

Table legend: (Time is in decaauts)
 A = Elapsed time spent in this place.
 B = Non-inter-level travel time spent in this place.
 C = Inter-level travel time spent in this place.
 D = Time resting spent in this place.
 E = Time spent auto-exploring this place.
 F = Levels seen in this place.
 G = Mean time per level.
                   A        B        C        D        E       F      G
               +--------+--------+--------+--------+--------+-----+--------+
         Total |    106 |    106 |      0 |      0 |     62 |   1 |  106.0 |
       Dungeon |    106 |    106 |      0 |      0 |     62 |   1 |  106.0 |
               +--------+--------+--------+--------+--------+-----+--------+

Top non-repeatable levels by time:
     D:1: 106 daAuts
